 Dungeon Crawl Stone Soup version 0.31-a0-441-g867994ef1c (webtiles) character file.

Game seed: 9917157398792622144

38 randomguy2701 the Trooper (level 3, -1/33 HPs)
             Began as a Hill Orc Fighter on Aug 2, 2023.
             Succumbed to Sigmund's poison
             ... on level 2 of the Dungeon.
             The game lasted 00:01:16 (1108 turns).

randomguy2701 the Trooper (Hill Orc Fighter)        Turns: 1108, Time: 00:01:16

Health: -1/33      AC:  7    Str: 18    XL:     3   Next: 43%
Magic:  3/3        EV:  9    Int:  8    God:
Gold:   23         SH:  4    Dex: 12    Spells: 2/2 levels left

rFire   . . .        a - +0 war axe
rCold   . . .        c - +0 buckler
rNeg    . . .        b - +0 scale mail
rPois   .            (no helmet)
rElec   .            (no cloak)
rCorr   .            (no gloves)
SInv    .            (no boots)
Will    .....        (no amulet) Stlth
                     (no ring)
HPRegen 0.25/turn    (no ring)
MPRegen 0.08/turn

%: no passive effects
@: lethally poisoned (-1 -> -6)
A: no striking features
a: no special abilities


You were on level 2 of the Dungeon.
You visited 1 branch of the dungeon, and saw 2 of its levels.

You collected 23 gold pieces.

Inventory:

Hand Weapons
 a - a +0 war axe (weapon)
Armour
 b - a +0 scale mail (worn)
 c - a +0 buckler (worn)
Scrolls
 i - a scroll of fear {unknown}
 j - a scroll of identify {unknown}
 k - a scroll of vulnerability {unknown}
 l - a scroll of immolation {unknown}
Potions
 d - a potion of might
 e - a potion of curing {unknown}
 f - 2 potions of berserk rage {unknown}
 g - a potion of lignification {unknown}
 h - a potion of invisibility {unknown}


   Skills:
 + Level 4.0 Fighting
 + Level 3.5 Axes
 + Level 3.9 Armour
 + Level 3.5 Shields


You had 2 spell levels left.
You didn't know any spells.
Your spell library was empty.

Dungeon Overview and Level Annotations

Branches:
Dungeon (2/15)

Altars:

Shops:
D:1 *[[(:

Annotations:
D:2 Sigmund


Message History

You barely miss the giant cockroach.
The giant cockroach is almost dead.
The giant cockroach closely misses you.
The giant cockroach bites you but does no damage.
You hit the giant cockroach.
You kill the giant cockroach!
No target in view!
No target in view!
No target in view!
There is an escape hatch in the floor here.
Found 8 stones.
Sigmund and an endoplasm come into view.
Sigmund is wielding a +0 scythe of venom.
Sigmund shouts!
Sigmund casts a spell at you. The magic dart hits you.
There are monsters nearby!
Found two stone staircases leading down.
Sigmund casts a spell at you. The puff of flame hits you!
Sigmund barely misses you.
You barely miss Sigmund. You slash the endoplasm!
You kill the endoplasm!
Sigmund screams, "I am the angel of ZOT!!!"
Sigmund hits you with a +0 scythe of venom.
You are poisoned.
You are too injured to fight recklessly!
Unknown command.
You hit Sigmund.
Sigmund is lightly wounded.
You feel very sick. Sigmund hits you but does no damage.
You slash Sigmund!
Sigmund is heavily wounded.
You feel sick.
Sigmund hits you with a +0 scythe of venom!
* * * LOW HITPOINT WARNING * * *
You hit Sigmund.
Sigmund is severely wounded.
You die...

.<....#...# ......#...#
.. ...####...## ..
.#..##.._..## .#
.####...>...## .#
.###...###...## .######
..#...## ##...###.....>.
.....#######...#.@......
.##..........)..@.......
............###.......>.
.##......... #.........
.##......... #.........
.###........ ....(.....
.. ........ ##.........
.. ...... #.#.......
..########


You could see Sigmund.

Vanquished Creatures
  A dart slug (D:2)
  5 ball pythons (D:1)
  6 endoplasms
  2 giant cockroaches
  A goblin (D:1)
  2 hobgoblins (D:1)
  4 kobolds
  3 quokkas (D:1)
  A bat (D:1)
  5 frilled lizards (D:1)
  3 rats (D:1)
33 creatures vanquished.

Notes
Turn   | Place    | Note
-------+----------+-------------------------------------------
     0 | D:1      | randomguy2701 the Hill Orc Fighter began the quest for the
                  | Orb.
     0 | D:1      | Reached XP level 1. HP: 19/19 MP: 1/1
   106 | D:1      | Reached XP level 2. HP: 27/27 MP: 2/2
   165 | D:1      | Found Cukham's Antique Armour Boutique.
   382 | D:1      | Found Dolo's Assorted Antiques.
   516 | D:1      | Found Abonlamp's Antique Armour Shop.
   720 | D:1      | Found Weterch's Antique Weapon Shoppe.
   753 | D:1      | Found Baxunyi Ischa's Book Shoppe.
   764 | D:1      | Reached XP level 3. HP: 33/33 MP: 3/3
   878 | D:1      | Reached skill level 4 in Fighting
  1077 | D:2      | Found a faded altar of an unknown god.
  1102 | D:2      | Noticed Sigmund
  1107 | D:2      | HP: 1/33 [Sigmund/+0 scythe of venom (7)]
  1108 | D:2      | Succumbed to Sigmund's poison

Illustrated notes

Levels and vault maps discovered:
D:1:      dpeg_arrival_round_c, layout_basic, serial_shops, shop, shop,
          nicolae_shop_stone, nicolae_shop_advertising_works
          [nicolae_subvault_shop_adworks], shop_fountains, minmay_surrounded
D:2:      layout_rooms, hellmonk_ecumenical_altar_crossroads, basic_altar,
          uniq_sigmund, uniq_robin

Skill      XL: |  1  2  3 |
---------------+----------+-----
Axes           | 3 |  3.5
Fighting       | 4 |  4.0
Armour         | |  3.9
Shields        | |  3.5

Action                     || total
---------------------------++-------
  Melee: War axe           ||    86
 Armour: Scale mail        ||    35
  Dodge: Dodged            ||    37
  Block: Buckler           ||    19

Table legend: (Time is in decaauts)
 A = Elapsed time spent in this place.
 B = Non-inter-level travel time spent in this place.
 C = Inter-level travel time spent in this place.
 D = Time resting spent in this place.
 E = Time spent auto-exploring this place.
 F = Levels seen in this place.
 G = Mean time per level.
                   A        B        C        D        E       F      G
               +--------+--------+--------+--------+--------+-----+--------+
         Total |   1141 |   1113 |     28 |      0 |    897 |   2 |  570.5 |
       Dungeon |   1141 |   1113 |     28 |      0 |    897 |   2 |  570.5 |
               +--------+--------+--------+--------+--------+-----+--------+

Top non-repeatable levels by time:
     D:1: 1093 daAuts
     D:2: 47 daAuts
